Map: Hecate LE

Players

KsRA

  • Race: Terran Terran
  • League: Silver
  • Spawn Location: 1:00

demzi - Winner!

  • Race: Zerg Zerg
  • League: Silver
  • Spawn Location: 7:00

VOD

Have the link to the VOD?

Description

Time

  • Played on: March 20, 2024, 3:49 p.m.
  • Length: 9:11
Show
View Real Time Build Order
Export as new Build Order

KsRA Terran 

Build Orders:  

Get SALT Encoding   

  12  0:01  SCV  
  13  0:18  Supply Depot  
  13  0:19  SCV  
  14  0:31  SCV  
  15  0:43  Barracks, SCV  
  16  0:51  Refinery  
  16  0:55  SCV  
  17  1:07  SCV  
  18  1:19  SCV  
  19  1:31  SCV, Supply Depot  
  19  1:32  Marine  
  21  1:43  SCV  
  22  1:50  Marine  
  23  1:55  SCV  
  23  1:56  Factory  
  24  2:06  Command Center  
  24  2:09  Barracks Tech Lab  
  24  2:29  Marine  
  25  2:37  Supply Depot  
  25  2:40  Supply Depot x2  
  25  2:42  Factory Tech Lab  
  25  2:47  Marine  
  25  2:49  Refinery  
  26  2:55  Stimpack  
  26  2:59  SCV  
  27  3:11  SCV  
  28  3:22  Orbital Command  
  28  3:23  SCV  
  32  3:27  Siege Tank  
  32  3:30  Marine  
  33  3:45  Engineering Bay  
  33  3:46  Orbital Command  
  33  3:48  Marine  
  34  3:50  Orbital Command  
  34  3:59  Siege Tank  
  37  4:06  Marine  
  38  4:24  Marine  
  38  4:29  Bunker  
  38  4:31  SCV x2  
  41  4:42  Marine  
  41  4:43  SCV x2  
  44  4:55  SCV x2  
  46  5:00  Marine  
  47  5:12  Starport  
  47  5:16  Barracks  
  47  5:18  SCV x2, Marine  
  50  5:22  Terran Infantry Weapons Level 1  
  50  5:30  SCV x2  
  52  5:35  Marine  
  52  5:37  Siege Tank  
  52  5:42  SCV  
  57  5:48  Supply Depot  
  57  5:49  Supply Depot  
  57  5:50  Starport  
  57  5:53  Marine  
  58  6:05  Barracks Reactor  
  58  6:08  Barracks  
  58  6:09  Siege Tank  
  58  6:10  SCV x2  
  63  6:11  Marine  
  64  6:22  SCV x2  
  66  6:28  Starport  
  66  6:29  Marine  
  67  6:38  Starport Tech Lab  
  67  6:45  Starport Tech Lab  
  67  6:47  Marine  
  68  7:03  Barracks Reactor  
  68  7:04  Marine  
  68  7:08  Marine x2  
  69  7:09  Fusion Core  
  71  7:16  Terran Infantry Armor Level 1  
  71  7:22  Marine  
  71  7:26  Marine x2, Refinery  
  71  7:28  SCV x2, Refinery  
  76  7:40  Marine, SCV x2  
  76  7:44  Marine x2  
  79  7:45  Supply Depot x2  
  79  7:47  Supply Depot x2  
  79  7:49  Supply Depot  
  81  7:52  Supply Depot, SCV x2  
  81  7:58  Marine  
  83  8:01  Marine  
  83  8:02  Marine  
  86  8:07  SCV x2  
  86  8:09  Medivac x2  
  86  8:10  Starport Tech Lab  
  92  8:16  Marine  
  92  8:19  Marine, SCV  
  95  8:20  Marine  
  96  8:34  Marine  
  97  8:39  Medivac x2  
  75  8:50  Armory  
Show
View Real Time Build Order
Export as new Build Order

demzi Zerg - Winner!

Build Orders: Hatch First 

Get SALT Encoding   

  12  0:00  Drone  
  13  0:12  Overlord  
  13  0:17  Drone  
  14  0:31  Drone x2  
  16  0:49  Hatchery  
  15  0:52  Drone  
  15  0:56  Drone  
  17  1:02  Drone  
  18  1:13  Extractor  
  18  1:17  Spawning Pool  
  16  1:22  Drone x2  
  18  1:28  Drone  
  19  1:39  Drone  
  20  1:51  Overlord  
  20  2:05  Drone x2, Queen  
  20  2:06  Queen  
  26  2:17  Zergling x4  
  28  2:26  Zergling x2  
  28  2:27  Zergling x2  
  30  2:35  Drone  
  30  2:36  Drone  
  32  2:43  Queen  
  34  2:45  Overlord x2  
  34  2:52  Lair  
  34  2:56  Drone  
  34  2:58  Drone  
  35  3:16  Drone x6  
  35  3:17  Drone  
  35  3:18  Drone  
  43  3:26  Extractor  
  42  3:27  Extractor  
  42  3:30  Drone x2  
  43  3:40  Roach Warren  
  42  3:51  Drone  
  42  3:52  Drone x2, Evolution Chamber  
  42  3:53  Drone  
  42  3:54  Evolution Chamber  
  42  3:55  Drone x3  
  45  3:56  Extractor  
  45  4:02  Overlord  
  46  4:03  Overlord  
  46  4:20  Roach  
  46  4:21  Roach x5  
  46  4:22  Roach  
  59  4:34  Glial Reconstitution  
  59  4:36  Zerg Missile Weapons Level 1  
  59  4:38  Drone x2  
  61  4:56  Hatchery  
  61  4:57  Drone x3  
  61  4:58  Drone  
  61  4:59  Drone  
  65  5:04  Roach  
  65  5:06  Overlord  
  65  5:07  Overlord x2  
  67  5:29  Drone x5  
  67  5:32  Drone x3  
  67  5:33  Drone x3  
  78  5:41  Ravager  
  78  5:42  Ravager x2  
  81  5:47  Roach x3  
  87  5:54  Roach  
  89  5:57  Zerg Ground Armor Level 1  
  89  6:02  Drone x3  
  92  6:04  Extractor, Overlord x2  
  92  6:05  Extractor, Overlord x2  
  90  6:13  Drone x3  
  87  6:26  Roach x3  
  93  6:39  Overlord x3  
  93  6:40  Roach  
  93  6:41  Roach x4  
  93  6:45  Zerg Missile Weapons Level 2  
  103  6:51  Spire  
  103  6:53  Drone x2  
  104  6:54  Drone x2, Hydralisk Den  
  104  6:55  Drone x2  
  104  6:56  Drone  
  104  7:01  Overlord  
  108  7:02  Overlord  
  108  7:03  Overlord x3  
  108  7:04  Overlord  
  108  7:13  Ravager x2  
  110  7:19  Drone  
  110  7:21  Roach x7  
  125  7:37  Roach  
  125  7:38  Roach x8  
  143  7:47  Hatchery  
  142  7:52  Roach  
  142  7:53  Roach x4  
  142  7:57  Drone x2  
  154  8:07  Roach x4  
  154  8:08  Roach x4  
  170  8:14  Ravager x6  
  178  8:34  Roach x5  
  178  8:35  Roach x7  
Tags
 
Matchup
TvZ
Replay Pack
Multiplayer
Spawn Locations
Cross Positions
Add a new tag
Caveats
  • Supply blocks, unpowered buildings, or Contaminate may cause inaccurate times.
  • Supply counts are checked every 10 seconds.